 Dungeon Crawl Stone Soup version 0.28.0-47-ge53b351184 (console) character file.

Game seed: 8618956343763597275

177 Cab the Chopper (level 5, -1/42 HPs)
             Began as a Demonspawn Fighter on May 4, 2022.
             Killed by divine providence
             ... invoked by an orc priest
              (15 damage)
             ... on level 4 of the Dungeon.
             The game lasted 00:08:49 (4995 turns).

Cab the Chopper (Demonspawn Fighter)                Turns: 4995, Time: 00:08:50

Health: -1/42      AC:  7    Str: 19    XL:     5   Next: 31%
Magic:  5/5        EV:  9    Int:  9    God:
Gold:   187        SH:  4    Dex: 12    Spells: 4/4 levels left

rFire   . . .      SeeInvis .   a - +0 war axe
rCold   . . .      Faith    .   c - +0 buckler
rNeg    . . .      Spirit   .   b - +0 scale mail
rPois   .          Reflect  .   (helmet restricted)
rElec   .          Harm     .   (no cloak)
rCorr   .          Rampage  .   (no gloves)
Will    .....                   (no boots)
Stlth   ..........              (no amulet)
HPRegen 1.14/turn               (no ring)
MPRegen 0.09/turn               (no ring)

@: no status effects
A: antennae 1, rugged brown scales 1, powered by death 1
a: no special abilities


You were on level 4 of the Dungeon.
You visited 1 branch of the dungeon, and saw 4 of its levels.

You collected 187 gold pieces.

Inventory:

Hand Weapons
 a - a +0 war axe (weapon)
Missiles
 j - 5 poisoned darts (quivered)
Armour
 b - a +0 scale mail (worn)
 c - a +0 buckler (worn)
Scrolls
 h - a scroll of teleportation
Potions
 d - 2 potions of might
 e - a potion of attraction
 f - a potion of cancellation
 g - a potion of degeneration {unknown}
 i - 2 potions of heal wounds


   Skills:
 - Level 3.0 Fighting
 + Level 5.1 Axes
 - Level 2.6 Armour
 - Level 2.6 Shields


You had 4 spell levels left.
You didn't know any spells.
Your spell library contained the following spells:

 Spells                   Type           Power      Damage    Failure   Level
 Dazzling Flash           Conj/Hex       0%         N/A       99%         3
 Animate Armour           Summ/Erth      0%         N/A       100%        4
 Agony                    Necr           0%         N/A       100%        5
 Blade Hands              Tmut           0%         N/A       100%        5
 Iskenderun's Battlesphe  Conj           0%         2d6       100%        5
 Silence                  Hex/Air        0%         N/A       100%        5
 Iron Shot                Conj/Erth      0%         9d1       100%        6
 Spellforged Servitor     Conj/Summ      0%         N/A       100%        7


Dungeon Overview and Level Annotations

Branches:
Dungeon (4/15)
 Temple: D:4-7

Altars:


Innate Abilities, Weirdness & Mutations

You have a pair of small antennae on your head.
You are partially covered in rugged brown scales. (AC +1, +3% HP)
You regenerate a little health from kills.


Message History

You are too injured to fight recklessly!
You are too injured to fight recklessly!
You are too injured to fight recklessly!
You are too injured to fight recklessly!
You are too injured to fight recklessly!
You are too injured to fight recklessly!
You are too injured to fight recklessly!
You are too injured to fight recklessly!
You are too injured to fight recklessly!
You are too injured to fight recklessly!
You closely miss the orc priest.
The orc priest is severely wounded.
You block the orc priest's attack.
You hit the orc.
The orc is lightly wounded.
The orc barely misses you.
You barely miss the orc.
The orc is lightly wounded.
The orc hits you with a +0 hand axe.
You completely miss the orc.
The orc is lightly wounded.
The orc hits you with a +0 hand axe.
You hit the orc.
The orc is heavily wounded.
The orc hits you with a +0 hand axe.
The orc priest calls upon Beogh to heal the orc.
The orc's wounds heal themselves!
The orc hits you but does no damage.
You hit the orc but do no damage. You block the orc's attack.
You hit the orc but do no damage. The orc completely misses you.
Press: ? - help, v - describe, . - travel
Here: an orc priest, wielding a +0 flail and wearing a +0 leather armour (severely wounded)
The floor.
You hit the orc.
The orc is almost dead.
The orc misses you. The orc barely misses you.
You slash the orc!
You kill the orc!
The orc priest calls down the wrath of Beogh upon you.
Beogh smites you!
You die...

▒∙▒∙▒∙∙▒∙▒▒∙∙∙∙∙∙∙∙∙
▒▒'▒∙▒∙∙▒)▒▒▒▒▒▒▒▒▒▒▒
▒∙∙∙∙∙∙∙▒∙▒
▒∙∙∙∙∙∙∙▒∙▒
▒∙∙∙∙∙∙∙▒∙▒
▒∙∙∙∙^?∙▒∙▒
▒∙∙∙∙∙∙∙∙∙▒
▒∙∙∙∙∙▒▒▒▒▒
▒∙∙∙∙∙@)o∙▒
▒∙∙∙∙∙▒▒▒∙▒ ▒▒▒▒▒▒▒


You could see an orc priest.

Vanquished Creatures
  A river rat (D:3)
  9 adders
  4 worms
  4 dart slugs
  5 orcs
  6 endoplasms
  3 giant cockroaches
  3 hobgoblins
  6 jackals
  2 quokkas (D:3)
  6 ball pythons
  3 bats
  5 goblins
  4 kobolds
  6 rats
67 creatures vanquished.

Notes
Turn   | Place    | Note
-------+----------+-------------------------------------------
     0 | D:1      | Cab the Demonspawn Fighter began the quest for the Orb.
     0 | D:1      | Reached XP level 1. HP: 18/18 MP: 1/1
    35 | D:1      | Reached skill level 2 in Axes
   334 | D:1      | Gained mutation: You have a pair of small antennae on your
                  | head. [demonic ancestry]
   334 | D:1      | Reached XP level 2. HP: 14/24 MP: 2/2
   558 | D:1      | Found a faded altar of an unknown god.
   569 | D:1      | You fall into a shaft and drop 1 floor!
   852 | D:1      | Reached skill level 3 in Axes
  1002 | D:2      | Gained mutation: You regenerate a little health from kills.
                  | [demonic ancestry]
  1002 | D:2      | Reached XP level 3. HP: 14/29 MP: 3/3
  1310 | D:2      | HP: 1/29 [poisoned by an adder]
  2028 | D:2      | Reached XP level 4. HP: 35/35 MP: 4/4
  2216 | D:2      | Reached skill level 4 in Axes
  4124 | D:3      | Gained mutation: You are partially covered in rugged brown
                  | scales. (AC +1, +3% HP) [demonic ancestry]
  4124 | D:3      | Reached XP level 5. HP: 18/42 MP: 5/5
  4498 | D:4      | Reached skill level 5 in Axes
  4995 | D:4      | Killed from afar by an orc priest

Illustrated notes

Levels and vault maps discovered:
D:1:      nagdon_arrival_zigzag_paths, layout_basic,
          chequers_ecumenical_altar_simple_redux
D:2:      layout_basic
D:3:      layout_basic, lightli_sewer_entry_pipes, grunt_decor_arrowhead,
          minmay_statues_item, solitary_fountain, hangedman_decor_growths,
          lemuel_old_faithful
D:4:      layout_basic

Skill      XL: |  1  2  3  4  5 |
---------------+----------------+-----
Axes           | 2 3 4 5 |  5.1
Fighting       | |  3.0
Armour         | |  2.6
Shields        | |  2.6

Action                   |  1- 3 |  4- 6 || total
-------------------------+-------+-------++-------
Melee: War axe           |   120 |   146 ||   266
Throw: Dart              |       |     1 ||     1
  Use: Scroll            |     3 |     3 ||     6
Armor: Scale mail        |    61 |    51 ||   112
Dodge: Dodged            |    54 |    62 ||   116
Block: Buckler           |    25 |    28 ||    53
